AoeStats
← Pwncakes

Arena

509541492Analyzed
2v2 RM · 4d ago on Sep 27, 2026· 44m 7s· 4 players
Game mode
Random Map
Map size
Medium (4 player)
Population
200
Speed
Normal
Resources
Standard
Victory
Conquest
Starting age
Dark Age
Ending age
Imperial Age
RankedLock teamsTeams togetherTeam positionsShared explorationLock speedFull tech treeHidden civsTurbo modeCheats
Victory
Defeat
🇺🇸 Bohemians · United States
1391
+15
🇧🇷 Bulgarians · Brazil
1292
+18
🇨🇱 Huns · Chile
1375
-17
🇨🇱 Dravidians · Chile
1339
-16
el payasadas
11:07 Feudal Age
15:22 Castle Age
13:21 Double-Bit Axe
13:43 Horse Collar
16:53 Bow Saw
16:44 Heavy Plow
16:47 Gold Mining
17:40 Fletching
21:42 Loom
26:00 Padded Archer Armor
27:03 Stone Mining
30:57 Imperial Age
29:13 Wheelbarrow
29:33 Bodkin Arrow
29:39 Town Watch
30:45 Leather Archer Armor
30:48 Crossbowman
31:43 Scale Barding Armor
31:39 Bracer
33:02 Two-Man Saw
31:40 Elite Elephant Archer
32:42 Husbandry
32:56 Thumb Ring
33:58 Chemistry
33:34 Ring Archer Armor
34:10 Ballistics
34:29 Elite Urumi Swordsman
36:59 Masonry
37:49 Scale Mail Armor
38:50 Conscription
43:19 Chain Barding Armor
J40 | Berto
11:26 Feudal Age
14:56 Castle Age
12:48 Horse Collar
13:24 Double-Bit Axe
17:53 Loom
18:26 Scale Barding Armor
24:58 Wheelbarrow
27:00 Bow Saw
27:22 Chain Barding Armor
28:11 Fervor
28:42 Sanctity
28:13 Town Watch
29:06 Forging
30:45 Gold Mining
34:52 Heavy Plow
36:54 Hand Cart
40:42 Imperial Age
40:04 Iron Casting
40:41 Gold Shaft Mining
39:57 Stone Mining
42:46 Plate Barding Armor
41:47 Elite Tarkan
42:52 Conscription
44:05 Blast Furnace
Pwncakes
9:42 Feudal Age
14:20 Castle Age
12:51 Double-Bit Axe
16:20 Bow Saw
17:22 Fervor
17:16 Horse Collar
17:57 Heavy Plow
19:51 Wheelbarrow
21:36 Hand Cart
22:07 Loom
22:09 Town Watch
25:46 Scale Mail Armor
25:08 Pikeman
25:48 Squires
26:35 Chain Mail Armor
26:58 Forging
28:43 Iron Casting
30:49 Imperial Age
30:03 Chemistry
29:38 Fortified Wall
30:51 Masonry
30:55 Arson
31:10 Halberdier
32:31 Plate Mail Armor
34:13 Two-Man Saw
34:42 Blast Furnace
34:07 Fletching
34:44 Siege Engineers
34:44 Houfnice
36:13 Bodkin Arrow
36:54 Padded Archer Armor
36:55 Bracer
37:54 Architecture
37:46 Conscription
37:34 Wagenburg Tactics
38:23 Leather Archer Armor
39:38 Ring Archer Armor
41:20 Sanctity
Publius Varus
7:46 Loom
10:18 Feudal Age
13:57 Castle Age
13:54 Fletching
16:15 Bodkin Arrow
21:45 Scale Mail Armor
21:54 Scale Barding Armor
22:20 Forging
26:40 Town Watch
29:03 Double-Bit Axe
29:01 Horse Collar
33:54 Heavy Plow
35:03 Bow Saw
34:58 Pikeman
35:38 Squires
35:41 Gold Mining
40:00 Imperial Age
38:04 Scale Mail Armor
39:41 Iron Casting
40:25 Chain Mail Armor
40:31 Halberdier
41:13 Capped Ram
42:05 Siege Ram
43:28 Plate Mail Armor
43:38 Wheelbarrow
Connection lost

Rejoining the realm…

Still unreachable

The connection could not be restored.

Session expired

The server has moved on; the page needs a fresh start.